 Dungeon Crawl Stone Soup version 0.28-a0-313-gbc0475efdd (webtiles) character file.

Game seed: 12946251272565757102

42 Dirtsage the Insei (level 3, 0/23 HPs)
             Began as an Octopode Transmuter on Aug 31, 2021.
             Slain by a worm (10 damage)
             ... on level 2 of the Dungeon.
             The game lasted 00:03:10 (1434 turns).

Dirtsage the Insei (Octopode Transmuter)            Turns: 1434, Time: 00:03:11

Health: 0/23       AC:  1    Str: 10    XL:     3   Next: 56%
Magic:  5/6        EV: 13    Int: 15    God:
Gold:   58         SH:  0    Dex: 12    Spells: 0/6 levels left

rFire   . . .      SeeInvis .     - Unarmed
rCold   . . .      Faith    .   (no shield)
rNeg    . . .      Spirit   .   (helmet currently unavailable)
rPois   .          Reflect  .   (no amulet)
rElec   .          Harm     .   (no ring)
rCorr   .          Rampage  .   (no ring)
Will    .....                   (no ring)
Stlth   ++........              (no ring)
HPRegen 0.07/turn               (no ring)
MPRegen 0.10/turn               (no ring)
                                (no ring)
                                (no ring)

@: appendages
A: tentacle spike 3, almost no armour, amphibious, 8 rings, camouflage 1,
gelatinous body 1, (nimble swimmer 1), tentacles
a: End Transformation


You were on level 2 of the Dungeon.
One of your tentacles had grown a beastly spike.
You visited 1 branch of the dungeon, and saw 2 of its levels.

You collected 58 gold pieces.


Innate Abilities, Weirdness & Mutations

One of your tentacles has grown a beastly spike.
You cannot wear most types of armour.
You are amphibious.
You can wear up to eight rings at the same time.
Your skin changes colour to match your surroundings (Stealth+).
Your rubbery body absorbs attacks. (AC +1, EV +1)
((You are camouflaged near water. (Stealth+)))
You have tentacles for arms and can constrict up to eight enemies at once.


   Skills:
 - Level 1.0 Fighting
 - Level 2.0 Dodging
 - Level 3.0 Unarmed Combat
 - Level 2.0 Spellcasting
 + Level 3.0 Transmutations
 + Level 2.5 Poison Magic


You couldn't memorise any spells.
You knew the following spells:

 Your Spells              Type           Power      Damage    Failure   Level
b - Beastly Appendage     Tmut           20%        N/A       6%          1
s - Spider Form           Tmut/Pois      4%         N/A       22%         3
w - Wereblood             Tmut           10%        N/A       10%         2

Your spell library contained the following spells:

 Spells                   Type           Power      Damage    Failure   Level
 Ice Form                 Ice/Tmut       6%         N/A       75%         4

Inventory:

Armour
 h - a +0 buckler
Scrolls
 a - a scroll of teleportation {unknown}
 d - a scroll of magic mapping {unknown}
 f - a scroll of amnesia {unknown}
 i - a scroll of identify {unknown}
 j - a scroll of enchant weapon {unknown}
Potions
 b - a potion of lignification {unknown}
 c - 4 potions of resistance {unknown}
 e - 2 potions of haste {unknown}
 g - 2 potions of heal wounds {unknown}

Dungeon Overview and Level Annotations

Branches:
Dungeon (2/15)

Altars:

Shops:
D:1 [:(?

.....#........#.##.......#
.....#........#.##.......#
.....#........#..........#
.....#........##.........#
.........................#
#####........##
..#.....#)...#.#
.............#...
.......@##......##
......)w#...##..#
................#
.........##..##..#
.##...#### ..# .# ....#
... #.... #....


You could see a worm.


Message History

You kill the kobold!
No target in view!
Magic restored.
Your transformation is almost over.
Your tentacle spike disappears.
A hobgoblin comes into view.
A hobgoblin is nearby!
Unknown command.
The hobgoblin shouts!
The hobgoblin hits you.
You tentacle-slap the hobgoblin but do no damage.
Your grab misses the hobgoblin. The hobgoblin closely misses you.
You tentacle-slap the hobgoblin. You grab the hobgoblin.
The hobgoblin is almost dead.
You constrict the hobgoblin, but do no damage.
The hobgoblin hits you.
* * * LOW HITPOINT WARNING * * *
You tentacle-slap the hobgoblin.
You kill the hobgoblin!
A worm comes into view.
Casting: Beastly Appendage (safe; 6% risk of failure)
Confirm with . or Enter, or press ? or * to list all spells.
One of your tentacles grows a vicious spike.
You tentacle-slap the worm. Your grab misses the worm.
You pierce the worm.
The worm is heavily wounded.
You tentacle-slap the worm. Your grab misses the worm.
Your tentacle spike misses the worm.
Your squeeze misses the worm.
The worm is heavily wounded.
The worm bites you!
You die...

Skill      XL: |  1  2  3 |
---------------+----------+-----
Poison Magic   | 1 2 |  2.5
Transmutations | 3 |  3.0
Fighting       | |  1.0
Dodging        | |  2.0
Unarmed Combat | |  3.0
Spellcasting   | |  2.0

Action                   || total
-------------------------++-------
Melee: Unarmed           ||    83
       Constrict         ||    19
       Tentacles         ||     9
       Kick              ||     2
 Cast: Beastly Appendage ||     3
 Stab: Sleeping          ||     5
Armor: Skin              ||     9
Dodge: Dodged            ||    50

Levels and vault maps discovered:
D:1:      eino_arrival_water_cross, layout_basic, serial_shops,
          nicolae_shop_waterfront, shop, shop, shop,
          ebering_ecumenical_altar_abandoned, item_on_display_a
D:2:      layout_rooms

Notes
Turn   | Place    | Note
-------+----------+-------------------------------------------
     0 | D:1      | Dirtsage the Octopode Transmuter began the quest for the
                  | Orb.
     0 | D:1      | Reached XP level 1. HP: 13/13 MP: 3/3
     0 | D:1      | Found Cofacwif's Book Boutique.
   142 | D:1      | Found Woigirot's Antique Weapon Shop.
   151 | D:1      | Reached skill level 1 in Poison Magic
   157 | D:1      | Reached XP level 2. HP: 14/18 MP: 5/5
   280 | D:1      | Found Aptastri's Magic Scroll Shoppe.
   628 | D:1      | Found Xikelee's Antique Armour Shoppe.
   633 | D:1      | Reached skill level 2 in Poison Magic
   687 | D:1      | Found a faded altar of an unknown god.
   696 | D:1      | Reached XP level 3. HP: 17/23 MP: 6/6
   699 | D:1      | Learned a level 2 spell: Wereblood
   703 | D:1      | Learned a level 3 spell: Spider Form
  1386 | D:2      | Reached skill level 3 in Transmutations
  1434 | D:2      | Slain by a worm

Vanquished Creatures
  A worm (D:2)
  2 dart slugs
  5 ball pythons
  2 endoplasms
  3 goblins
  4 hobgoblins
  5 kobolds
  4 quokkas (D:1)
  3 bats (D:1)
  2 frilled lizards (D:1)
  A rat (D:1)
32 creatures vanquished.

Table legend: (Time is in decaauts)
 A = Elapsed time spent in this place.
 B = Non-inter-level travel time spent in this place.
 C = Inter-level travel time spent in this place.
 D = Time resting spent in this place.
 E = Time spent auto-exploring this place.
 F = Levels seen in this place.
 G = Mean time per level.
                   A        B        C        D        E       F      G
               +--------+--------+--------+--------+--------+-----+--------+
         Total |   1429 |   1409 |     20 |      0 |   1170 |   2 |  714.5 |
       Dungeon |   1429 |   1409 |     20 |      0 |   1170 |   2 |  714.5 |
               +--------+--------+--------+--------+--------+-----+--------+

Top non-repeatable levels by time:
     D:1: 1156 daAuts
     D:2: 273 daAuts

Table legend:
 A = Non-vault XP
 B = Vault XP
 C = Vault XP percentage of total XP
 D = Non-vault monster count
 E = Vault monster count
 F = Vault count percentage of total count
                 A         B        C        D         E       F
            +---------+---------+-------+---------+---------+-------
      Total |      61 |       0 |   0.0 |      32 |       0 |   0.0
            +---------+---------+-------+---------+---------+-------
        D:1 |      40 |       0 |   0.0 |      23 |       0 |   0.0
        D:2 |      21 |       0 |   0.0 |       9 |       0 |   0.0
            +---------+---------+-------+---------+---------+-------
